 Dungeon Crawl Stone Soup version 0.30-a0-311-gf115ab0292 (webtiles) character file.

Game seed: 14879863609297125809

26331 NinjaNoafa the Eclecticist (level 13, -5/91 HPs)
             Began as a Merfolk Gladiator on Oct 25, 2022.
             Was a Follower of Uskayaw.
             Killed from afar by a will-o-the-wisp (22 damage)
             ... with a foxfire
             ... on level 1 of the Swamp on Oct 26, 2022.
             The game lasted 00:37:24 (13127 turns).

NinjaNoafa the Eclecticist (Merfolk Gladiator)     Turns: 13127, Time: 00:37:24

Health: -5/91      AC: 11    Str: 18    XL:     13   Next: 25%
Magic:  35/35      EV: 28    Int: 12    God:    Uskayaw [*.....]
Gold:   1296       SH: 13    Dex: 35    Spells: 42/42 levels left

rFire   x . .      SeeInvis .    I - +8 long sword of Valour {speed, rN+ Dex+7 Stlth+}
rCold   x . .      Faith    .    H - +0 buckler
rNeg    + . .      Spirit   .    t - +4 ring mail "Get Xodd" {rC- Regen+ Dex+9}
rPois   .          Reflect  +    c - +0 helmet
rElec   .          Harm     .    f - scarf {shadows}
rCorr   .          Rampage  .    U - +0 pair of gloves
Will    .....                    (boots currently unavailable)
Stlth   ++++++....               s - amulet "Orilyr" {Reflect rF- Str+3 Int+4 SH+5, Beastmaster++}
HPRegen 1.15/turn                j - +4 ring of slaying
MPRegen 0.24/turn                L - +4 ring of evasion

@: slowed, quick
A: nimble swimmer 2, mertail, high MP 1
a: Renounce Religion, Stomp


You were on level 1 of the Swamp.
You worshipped Uskayaw.
Uskayaw was noncommittal.
You visited 4 branches of the dungeon, and saw 17 of its levels.

You collected 1710 gold pieces.
You spent 414 gold pieces at shops.

Inventory:

Hand Weapons
 G - a +1 scimitar of flaming
 I - the +8 long sword of Valour (weapon) {speed, rN+ Dex+7 Stlth+}
   (You found it on level 3 of the Lair of Beasts)

   Attacks with this weapon are significantly faster.
   Dex:       It affects your dexterity (+7).
   rN:        It protects you from negative energy.
   Stlth:     It makes you more stealthy.
Missiles
 d - 5 throwing nets
 e - 4 javelins (quivered) {Rampage, Faith}
 g - 165 stones
 l - 77 poisoned darts
 y - 12 boomerangs
Armour
 c - a +0 helmet (worn)
 f - a scarf of shadows (worn)
 q - a +2 pair of boots of stealth (melded)
 t - the +4 ring mail "Get Xodd" (worn) {rC- Regen+ Dex+9}
   (You found it on level 2 of the Dungeon)

   Dex:       It affects your dexterity (+9).
   rC:        It makes you vulnerable to cold.
   Regen:     It increases your rate of health regeneration.
 H - a +0 buckler (worn)
 U - a +0 pair of gloves (worn)
Jewellery
 j - a +4 ring of slaying (left hand)
 m - a +6 ring of dexterity
 n - a ring of fire
 s - the amulet "Orilyr" (around neck) {Reflect rF- Str+3 Int+4 SH+5, Beastmaster++}
   (You found it on level 2 of the Dungeon)

   [amulet of reflection]

   It reflects blocked missile attacks.
   Str:       It affects your strength (+3).
   Int:       It affects your intelligence (+4).
   rF:        It makes you vulnerable to fire.
   SH:        It affects your SH (+5).
 w - a ring of protection from fire
 B - a ring of positive energy
 L - a +4 ring of evasion (right hand)
 M - a ring of fire
 O - a ring of positive energy
 Q - the ring of Ymaj {Fly Stlth+}
   (You found it on level 8 of the Dungeon)

   [ring of flight]

   Fly:       It grants you flight.
   Stlth:     It makes you more stealthy.
 R - a ring of poison resistance
 V - a ring of magical power
Wands
 k - a wand of paralysis (16)
 o - a wand of mindburst (9)
 z - a wand of digging (20)
 A - a wand of flame (14)
 C - a wand of polymorph (16)
 N - a wand of roots (19)
 S - a wand of light (9)
Scrolls
 a - a scroll of vulnerability
 h - 4 scrolls of amnesia
 r - 4 scrolls of butterflies
 u - a scroll of silence
 v - a scroll of immolation
 D - 6 scrolls of poison
 J - 2 scrolls of teleportation
Potions
 b - 2 potions of ambrosia
 i - 3 potions of degeneration
 p - 2 potions of curing
 E - a potion of brilliance
 F - 4 potions of flight
 X - a potion of cancellation {unknown}
Miscellaneous
 Y - a phantom mirror


   Skills:
 + Level 5.3 Fighting
 - Level 5.0(6.2) Short Blades
 - Level 5.6(6.5) Long Blades
 - Level 5.0 Throwing
 - Level 3.0 Armour
 + Level 7.6 Dodging
 - Level 7.0 Stealth
 + Level 4.1 Shields
 - Level 15.3 Spellcasting
 - Level 3.5 Invocations
 - Level 5.0 Evocations


You had 42 spell levels left.
You didn't know any spells.
Your spell library contained the following spells:

 Spells                   Type           Power      Damage    Failure   Level
 Magic Dart               Conj           36%        1d4       16%         1
 Summon Small Mammal      Summ           36%        N/A       16%         1
 Ensorcelled Hibernation  Hex/Ice        18%        N/A       24%         2
 Searing Ray              Conj           18%        2d5       24%         2
 Sublimation of Blood     Necr           9%         N/A       24%         2
 Call Canine Familiar     Summ           9%         N/A       43%         3
 Gell's Gravitas          Tloc           9%         N/A       43%         3
 Inner Flame              Hex/Fire       9%         N/A       43%         3
 Ozocubu's Armour         Ice            9%         N/A       43%         3
 Spider Form              Tmut/Pois      9%         N/A       43%         3
 Summon Guardian Golem    Hex/Summ       9%         N/A       43%         3
 Teleport Other           Tloc           9%         N/A       43%         3
 Vhi's Electric Charge    Tloc/Air       18%        N/A       43%         3
 Airstrike                Air            4%         2d(1-17)  83%         4
 Anguish                  Hex/Necr       4%         N/A       83%         4
 Flame Wave               Conj/Fire      9%         2d6       83%         4
 Fulminant Prism          Conj/Hex       4%         3d6       83%         4
 Olgreb's Toxic Radiance  Pois           9%         N/A       83%         4
 Petrify                  Tmut/Erth      9%         N/A       83%         4
 Sticky Flame             Conj/Fire      9%         2d3       83%         4
 Summon Lightning Spire   Summ/Air       9%         N/A       83%         4
 Arcjolt                  Conj/Air       4%         1d14      99%         5
 Irradiate                Conj/Tmut      4%         3d13      99%         5
 Lightning Bolt           Conj/Air       4%         1d16      99%         5
 Metabolic Englaciation   Hex/Ice        4%         N/A       99%         5
 Dispersal                Tloc           4%         N/A       100%        6
 Simulacrum               Ice/Necr       4%         N/A       100%        6
 Ozocubu's Refrigeration  Ice            4%         4d8       100%        7
 Ignition                 Fire           4%         3d4       100%        8
 Maxwell's Capacitive Co  Air            4%         ∞         100%        8


Dungeon Overview and Level Annotations

Branches:
Dungeon (11/15)            Temple (1/1) D:7            Lair (4/5) D:8
  Swamp (1/4) Lair:3        Snake (0/4) Lair:2          Orc (0/2) D:9
  Slime: Lair:4-5

Altars:
Ashenzari
Cheibriados
Dithmenos
Elyvilon
Fedhas
Gozag
Hepliaklqana
Kikubaaqudgha
Makhleb
Nemelex Xobeh
Okawaru
Qazlal
Ru
Sif Muna
Trog
Uskayaw
Vehumet
Wu Jian
Xom
Yredelemnul
Zin
The Shining One

Shops:
D:3 *   D:5 *   D:10 =

Annotations:
D:9 1 runed translucent door
Swamp:1 Kirke


Innate Abilities, Weirdness & Mutations

You are very nimble when in or above water. (Stealth+, EV+, Speed+++)
Your lower body shifts to a powerful aquatic tail in water.
You have an increased reservoir of magic. (+10% MP)


Message History

You block the swamp drake's attack. The hog completely misses you.
As you read the scroll of teleportation, it crumbles to dust.
You feel strangely unstable. You block the hog's attack.
You block the bog body's attack. The swamp drake misses you.
The hog splashes around in the water.
Kirke hits herself.
The hog misses the swamp worm.
As you read the scroll labelled CYUFISHEOW, it crumbles to dust.
It is a scroll of enchant armour.
Your +1 pair of boots of stealth glows green for a moment.
A hog comes into view.
The bog body touches you but does no damage.
You block the swamp drake's attack.
The hog bites Kirke!
Kirke hits the swamp worm.
The bog body gestures at you while chanting.
You feel as though you will be slow longer.
The swamp drake breathes poison at you. The noxious blast misses you.
The hog moves out of view.
Blink to where?
Press: ? - help, Dir - move target
Found a smoking sling.
As you read the scroll labelled GIDUATWEEV, it crumbles to dust.
It was a scroll of blinking.
Your surroundings suddenly seem different.
Your legs become a tail as you dive into the water.
Your +2 pair of boots of stealth melds into your body.
You feel less stealthy.
Floosh!
A spriggan rider comes into view. It is wielding a +0 spear.
Found a potion of invisibility and a potion of lignification.
The spriggan rider barely misses you.
The spriggan rider completely misses you.
The will-o-the-wisp gestures.
The will-o-the-wisp conjures some foxfire! 2 foxfires come into view.
You hit the foxfire. You tail-slap the foxfire.
The foxfire is lightly damaged.
The foxfire hits you!! The fire burns you terribly!
* * * LOW HITPOINT WARNING * * *
The foxfire hits you!! The fire burns you terribly!
You die...

#...~..~~~.♣♣.~.. ♣.
.#..~~~~~~~.♣♣....♣..
.#..§~~~~~~.~..~...~♣
....~~~h~~.♣.~~~.~..♣ ♣♣
..°kn@.~~~...~~~.§~.♣♣~.~
..°°hw.~~~...~~.~~~~~~~!~
..°°♣♣~...♣♣~~..i~~~~~~..
....~♣♣♣♣♣♣ ♣♣~.~§~.....♣
.~.~♣♣ ♣§§v@~.....♣♣
~..♣♣ ♣~§§~.....~♣♣♣ ♣.♣
♣§v.......♣♣ ♣♣
♣♣.~♣♣♣.~♣♣ ♣♣♣ ♣♣♣♣


You could see a spriggan rider and a will-o-the-wisp.

Vanquished Creatures
  The ghost of Tischemav the Impaler, a journeyman DsFi of Fedhas (Lair:3)
  Harold (Lair:1)
  A hydra (Lair:3)
  3 two-headed ogres
  A boulder beetle (D:7)
  Erica (D:10)
  Urug (D:10)
  Pikel (D:4)
  A cyclops (D:10)
  Joseph (D:10)
  3 black mambas
  An unseen horror (D:7)
  4 cane toads
  2 kobold demonologists (D:10)
  2 rime drakes
  6 komodo dragons
  A troll (D:9)
  2 burning bushes (Lair:1)
  A hornet (D:10)
  8 blink frogs
  A shadow (D:7)
  3 wyverns
  3 basilisks
  20 yaks
  Grum (D:9)
  2 steam dragons
  5 vampire mosquitoes (D:7)
  3 nagas (Lair:2)
  2 swamp worms
  An acid dragon (D:9)
  7 water moccasins
  A swamp drake (Swamp:1)
  2 black bears
  8 orc warriors
  20 wolves
  3 centaurs
  A sky beast (D:7)
  2 ogres
  2 phantoms (D:5)
  9 kobold brigands
  A gnoll sergeant (D:6)
  A necrophage (D:4)
  7 bullfrogs
  2 scorpions
  16 killer bees
  4 howler monkeys
  5 hounds
  7 orc priests
  8 orc wizards
  6 gnolls
  9 adders
  2 shadow imps
  2 white imps
  3 ufetubi
  2 worms
  4 dart slugs
  36 orcs
  2 bats
  A bat skeleton (D:2)
  5 endoplasms (D:2)
  A giant cockroach (D:4)
  4 goblins
  6 hobgoblins
  6 quokkas
  A ball python (D:2)
  A ball python zombie (D:2)
  A frilled lizard (D:2)
  A jackal skeleton (D:2)
  25 kobolds
  A quokka skeleton (D:2)
  A quokka zombie (D:2)
  4 rats
313 creatures vanquished.

Vanquished Creatures (others)
  A kobold (D:10)
  A foxfire (Swamp:1)
  10 fungi
  21 plants
  A withered plant (D:2)
34 creatures vanquished.

Grand Total: 347 creatures vanquished

Notes
Turn   | Place    | Note
-------+----------+-------------------------------------------
     0 | D:1      | NinjaNoafa the Merfolk Gladiator began the quest for the
                  | Orb.
     0 | D:1      | Reached XP level 1. HP: 16/16 MP: 1/1
   487 | D:2      | Reached XP level 2. HP: 22/22 MP: 2/2
   751 | D:2      | Reached XP level 3. HP: 27/27 MP: 3/3
   829 | D:2      | Identified the +4 ring mail "Get Xodd" {rC- Regen+ Dex+9}
   851 | D:2      | Identified the amulet "Orilyr" {Reflect rF- Str+3 Int+4
                  | SH+5}
   963 | D:2      | Reached skill level 1 in Stealth
   966 | D:2      | Reached skill level 5 in Dodging
  1127 | D:3      | Found a blossoming altar of Fedhas.
  1138 | D:3      | Reached XP level 4. HP: 33/33 MP: 4/4
  1154 | D:3      | Reached XP level 5. HP: 32/38 MP: 5/5
  1158 | D:3      | Reached skill level 5 in Short Blades
  1184 | D:3      | Found a hazy altar of Hepliaklqana.
  1620 | D:3      | Found Fyofihu's Assorted Antiques.
  1668 | D:3      | Found a faded altar of an unknown god.
  1963 | D:4      | Reached skill level 5 in Stealth
  1966 | D:4      | Reached XP level 6. HP: 44/44 MP: 6/6
  2012 | D:4      | Noticed Pikel
  2017 | D:4      | Reached skill level 1 in Spellcasting
  2033 | D:4      | Gained mutation: You have an increased reservoir of magic.
                  | (+10% MP) [potion of mutation]
  2047 | D:4      | Killed Pikel
  2048 | D:4      | Reached skill level 3 in Spellcasting
  2048 | D:4      | Reached XP level 7. HP: 42/50 MP: 8/14
  2054 | D:4      | Reached skill level 4 in Spellcasting
  2121 | D:4      | Reached XP level 8. HP: 56/56 MP: 14/16
  2168 | D:4      | Reached skill level 5 in Spellcasting
  2311 | D:4      | Found a shimmering altar of Xom.
  2312 | D:4      | Found a shimmering blue altar of Sif Muna.
  2511 | D:5      | Entered Level 5 of the Dungeon
  2601 | D:5      | Reached skill level 6 in Spellcasting
  2682 | D:5      | Found Eschunae's Assorted Antiques.
  2748 | D:5      | Reached skill level 7 in Spellcasting
  2825 | D:5      | Found a sparkling altar of Nemelex Xobeh.
  3230 | D:6      | Reached XP level 9. HP: 57/61 MP: 22/22
  3554 | D:6      | Reached skill level 8 in Spellcasting
  3561 | D:6      | Found a shadowy altar of Dithmenos.
  4035 | D:7      | Reached skill level 9 in Spellcasting
  4074 | D:7      | Found a staircase to the Ecumenical Temple.
  4097 | Temple   | Entered the Ecumenical Temple
  4334 | Temple   | Became a worshipper of Uskayaw the Reveller
  4369 | D:7      | Reached * piety under Uskayaw
  4371 | D:7      | Reached ** piety under Uskayaw
  4518 | D:7      | Reached *** piety under Uskayaw
  4521 | D:7      | Reached **** piety under Uskayaw
  4528 | D:7      | Reached skill level 10 in Spellcasting
  4568 | D:7      | Reached XP level 10. HP: 61/67 MP: 26/26
  4660 | D:7      | Killed an unseen horror
  4895 | D:7      | Reached skill level 11 in Spellcasting
  4962 | D:7      | Identified the +1 leather armour of the Sailor {rElec rF+}
  5129 | D:7      | Noticed a boulder beetle
  5161 | D:7      | Killed a boulder beetle
  5345 | D:8      | Reached skill level 12 in Spellcasting
  5476 | D:8      | Found a staircase to the Lair.
  5515 | D:8      | Identified the ring of Ymaj {Fly Stlth+}
  5727 | D:8      | Found a sacrificial altar of Ru.
  5924 | D:8      | Noticed a two-headed ogre
  5931 | D:8      | Killed a two-headed ogre
  5932 | D:8      | Reached skill level 13 in Spellcasting
  5932 | D:8      | Reached XP level 11. HP: 46/72 MP: 31/31
  6137 | D:5      | Bought a glowing demon blade for 414 gold pieces
  6593 | D:9      | Found a runed translucent door.
  6595 | D:9      | Noticed a centaur warrior
  6595 | D:9      | Noticed a wolf spider
  6595 | D:9      | Noticed an ogre mage
  6595 | D:9      | Found the +8 mithril axe "Arga" {speed, Will+}
  6610 | D:9      | Noticed Grum
  6618 | D:9      | Killed Grum
  6671 | D:9      | Identified the +10 morningstar of the Inferno {vorpal, rF-
                  | Int+4 SInv}
  6812 | D:9      | Reached ***** piety under Uskayaw
  7116 | D:9      | Found a staircase to the Orcish Mines.
  7456 | D:9      | Reached skill level 14 in Spellcasting
  7526 | D:9      | Noticed a two-headed ogre
  7543 | D:9      | Killed a two-headed ogre
  7695 | D:10     | Entered Level 10 of the Dungeon
  7725 | D:10     | Found Biegrugo's Jewellery Shoppe.
  7786 | D:10     | Noticed Urug
  7786 | D:10     | Noticed Joseph
  7787 | D:10     | Paralysed by Urug for 5 turns
  7802 | D:10     | Killed Joseph
  7818 | D:10     | Killed Urug
  7990 | D:10     | Noticed a two-headed ogre
  7999 | D:10     | Killed a two-headed ogre
  8000 | D:10     | Reached skill level 15 in Spellcasting
  8020 | D:10     | Noticed Erica
  8036 | D:10     | Killed Erica
  8327 | D:10     | Noticed a cyclops
  8345 | D:10     | Killed a cyclops
  8346 | D:10     | Reached skill level 1 in Shields
  8346 | D:10     | Reached skill level 1 in Invocations
  8346 | D:10     | Reached skill level 1 in Evocations
  8346 | D:10     | Reached XP level 12. HP: 68/80 MP: 34/34
  8352 | D:10     | Reached ****** piety under Uskayaw
  8805 | Lair:1   | Entered Level 1 of the Lair of Beasts
  9200 | Lair:1   | Noticed Harold
  9212 | Lair:1   | Killed Harold
  9739 | Lair:1   | Identified a scroll of acquirement
  9742 | Lair:1   | Acquired 754 gold pieces
  9786 | Lair:2   | Reached skill level 5 in Long Blades
 10034 | Lair:2   | Found a staircase to the Snake Pit.
 10171 | Lair:2   | Reached skill level 1 in Armour
 10962 | Lair:3   | Found a runed translucent door.
 11231 | Lair:3   | Noticed a seven-headed hydra
 11441 | Lair:3   | Found a staircase to the Swamp.
 11679 | Lair:3   | Noticed a seven-headed hydra
 12027 | Lair:3   | Noticed Tischemav's ghost (journeyman DsFi)
 12150 | Lair:3   | Killed a six-headed hydra
 12151 | Lair:3   | Reached XP level 13. HP: 41/88 MP: 35/35
 12409 | Lair:3   | Reached skill level 5 in Throwing
 12547 | Swamp:1  | Entered Level 1 of the Swamp
 12591 | Lair:3   | Killed Tischemav's ghost
 12592 | Lair:3   | Reached skill level 5 in Evocations
 12597 | Lair:3   | Identified the +8 long sword of Valour {speed, rN+ Dex+7
                  | Stlth+}
 12922 | Lair:4   | Reached skill level 5 in Fighting
 13113 | Swamp:1  | Noticed Kirke
 13127 | Swamp:1  | Killed from afar by a will-o-the-wisp

Illustrated notes

Levels and vault maps discovered:
D:1:      evilmike_arrival_plus, layout_basic
D:2:      kennysheep_big_flooded_room, layout_rooms, serial_undead,
          serial_undead_f, serial_undead_f, serial_undead_e, serial_undead_f,
          serial_undead_d
D:3:      layout_basic, general_overflow_altar, mainiacjoe_overflow_alcove_1,
          shapermc_ecumenical_altar_notcrosses, serial_shops,
          nicolae_square_shop, st_stairs_10, kennysheep_decorative_pillar,
          minmay_misc_feat_hallway, reono_crystal_passage,
          chequers_serial_rivers_large_a
D:4:      layout_rooms, gammafunk_temple_overflow_pools, uniq_pikel
D:5:      layout_rooms, mainiacjoe_overflow_catwalk, serial_shops,
          nicolae_shop_behind_doors, nicolae_fountain_basement
D:6:      layout_basic, mainiacjoe_overflow_tiny_flanked
D:7:      nzn_winding_woodlands_cross [nzn_winding_woodlands_5x15_lazy_stream,
          nzn_winding_woodlands_5x15_sawtooth, nzn_winding_woodlands_5x15_pool,
          nzn_winding_woodlands_5x15_crooked,
          nzn_winding_woodlands_15x15_thick_spiral], layout_loops_cross,
          minmay_temple_entry_statues_fountains, serial_glass, glass_columns_a,
          glass_columns_a, minmay_misc_feat_four_crosses, minmay_fountain_box
D:8:      layout_basic, amcnicky_altar_gilded, david_lair_shrubbed
D:9:      minmay_gate_of_8, layout_grid_maze, david_orc_4, uniq_grum
D:10:     layout_basic, serial_shops, nicolae_shop_statue_plus, uniq_erica,
          uniq_urug, uniq_joseph
D:11:     layout_small_grid, portal_ice_cave_entry_animals_and_master,
          enter_trove_5, ebering_ghost_gozag
Temple:   regret_index_temple_generic_petals
Lair:1:   layout_cave_pods, evilmike_ambush [evilmike_ambush_outer_corners,
          evilmike_ambush_inner_pond], uniq_harold
Lair:2:   layout_long_grid, guppyfry_snake_entry_island, grunt_megastairs_3
Lair:3:   layout_cellular_growth, minmay_swamp_entry_worms, serial_rivers,
          chequers_serial_rivers_micro_b, chequers_serial_rivers_micro_d,
          chequers_serial_rivers_micro_a, chequers_serial_rivers_micro_a,
          chequers_serial_rivers_micro_c, chequers_serial_rivers_micro_c,
          ebering_ghost_reflecting_pool, minivault_27
Lair:4:   layout_layer_cave, bh_autumn_forest_stairs, serial_bayou_pond_d,
          st_stairs_7, worms_lemuel
Swamp:1:  cheibrodos_swamp_monstrosity, layout_basic_swamp,
          evilmike_swamp_ruin_rubble_1, swamp_pool4, uniq_kirke

Skill      XL: |  1  2  3  4  5  6  7  8  9 10 11 12 13 |
---------------+----------------------------------------+-----
Short Blades   | 4 5 |  5.0
Stealth        | 1 3 5 7 |  7.0
Dodging        | 5 6 7 |  7.6
Spellcasting   | 3 4 7 10 13 15 | 15.3
Long Blades    | 2 3 4 5 |  5.6
Shields        | 1 3 4 |  4.1
Invocations    | 1 3 |  3.5
Evocations     | 1 4 5 |  5.0
Fighting       | 4 5 |  5.3
Throwing       | 4 5 |  5.0
Armour         | 2 3 |  3.0

Action                   |  1- 3 |  4- 6 |  7- 9 | 10-12 | 13-15 || total
-------------------------+-------+-------+-------+-------+-------++-------
Melee: Rapier            |    68 |    79 |   192 |   154 |       ||   493
       Tailslap          |     2 |       |       |       |     3 ||     5
       Demon blade       |       |       |       |   385 |    10 ||   395
       Scimitar          |       |       |       |    11 |    13 ||    24
       Long sword        |       |       |       |       |    44 ||    44
Throw: Javelin           |     5 |     2 |     6 |    21 |       ||    34
       Dart              |       |       |       |    17 |       ||    17
       Throwing net      |       |       |       |     1 |       ||     1
       Boomerang         |       |       |       |     6 |       ||     6
Invok: Line Pass         |       |       |       |     1 |       ||     1
       Stomp             |       |       |       |     1 |       ||     1
Evoke: Wand              |       |       |       |     3 |       ||     3
  Use: Potion            |       |     6 |       |     9 |     1 ||    16
       Scroll            |       |     1 |     5 |    22 |     5 ||    33
 Stab: Sleeping          |     1 |     5 |    10 |    19 |     2 ||    37
       Distracted        |       |     1 |       |     1 |     1 ||     3
       Paralysed         |       |       |     2 |    27 |     5 ||    34
       Fleeing           |       |       |       |     2 |       ||     2
       Invisible         |       |       |       |     2 |       ||     2
       Held in net/web   |       |       |       |     1 |       ||     1
Armor: Leather armour    |    23 |       |       |       |       ||    23
       Ring mail         |    10 |    21 |    48 |   204 |    15 ||   298
       Skin              |       |    95 |    36 |    14 |       ||   145
Dodge: Dodged            |    59 |    75 |   128 |   570 |    56 ||   888
Block: Other             |     3 |    35 |    22 |       |       ||    60
       Reflection        |       |     1 |     5 |     8 |     2 ||    16
       Buckler           |       |       |    82 |   461 |    58 ||   601

Table legend: (Time is in decaauts)
 A = Elapsed time spent in this place.
 B = Non-inter-level travel time spent in this place.
 C = Inter-level travel time spent in this place.
 D = Time resting spent in this place.
 E = Time spent auto-exploring this place.
 F = Levels seen in this place.
 G = Mean time per level.
                   A        B        C        D        E       F      G
               +--------+--------+--------+--------+--------+-----+--------+
         Total |  13104 |  11626 |   1478 |     12 |   8812 |  17 |  770.8 |
       Dungeon |   8817 |   7920 |    897 |     12 |   5881 |  11 |  801.5 |
        Temple |    261 |    205 |     56 |      0 |    196 |   1 |  261.0 |
          Lair |   3995 |   3471 |    524 |      0 |   2735 |   4 |  998.8 |
         Swamp |     29 |     29 |      0 |      0 |      0 |   1 |   29.0 |
               +--------+--------+--------+--------+--------+-----+--------+

Top non-repeatable levels by time:
  Lair:3: 1709 daAuts
     D:7: 1362 daAuts
     D:9: 1256 daAuts
     D:8: 1198 daAuts
    D:10: 1165 daAuts
  Lair:1: 1056 daAuts
  Lair:2: 918 daAuts
     D:3: 841 daAuts
     D:6: 705 daAuts
     D:5: 620 daAuts
     D:2: 613 daAuts
     D:4: 586 daAuts
     D:1: 462 daAuts
  Lair:4: 311 daAuts
  Temple: 261 daAuts
